 Dungeon Crawl Stone Soup version 0.31-a0-182-gc5ef74bbde (webtiles) character file.

Game seed: 13285972579129072976

296 qw the Chopper (level 6, -3/39 HPs)
             Began as a Gargoyle Fighter on June 21, 2023.
             Slain by an ogre
             ... wielding a +0 giant club
              (15 damage)
             ... on level 4 of the Dungeon.
             The game lasted 00:01:15 (3076 turns).

qw the Chopper (Gargoyle Fighter)                   Turns: 3076, Time: 00:01:15

Health: -3/39      AC: 12    Str: 22      XL:     6   Next: 35%
Magic:  1/6        EV:  9    Int:  6 (8)  God:
Gold:   171        SH:  4    Dex:  9      Spells: 5/5 levels left

rFire   . . .        Y - +1 war axe
rCold   . . .        c - +0 buckler
rNeg    + . .        b - +0 scale mail
rPois   inf          (no helmet)
rElec   +            (no cloak)
rCorr   .            h - +0 pair of gloves {infuse}
SInv    .            (no boots)
Will    .....        a - amulet of the acrobat Stlth
                     (no ring)
HPRegen 0.26/turn    (no ring)
MPRegen 0.10/turn

%: acrobat, infuse magic (1 MP)
@: no status effects
A: sickness immunity, AC +4, negative energy resistance 1, electricity
resistance, torment resistance 1, petrification resistance, evolution 1
a: no special abilities


You were on level 4 of the Dungeon.
You visited 1 branch of the dungeon, and saw 4 of its levels.

You collected 171 gold pieces.


Innate Abilities, Weirdness & Mutations

You are immune to sickness and miasma.
Your stone body is resilient. (AC +4)
You are immune to poison.
You resist negative energy. (rN+)
You are resistant to electric shocks. (rElec)
You are resistant to unholy torment.
You are immune to petrification.
You have hidden genetic potential.


   Skills:
 - Level 4.7 Fighting
 - Level 5.0 Axes
 - Level 1.0 Throwing
 - Level 3.2 Armour
 + Level 0.0 Dodging
 - Level 3.2 Shields


You had 5 spell levels left.
You didn't know any spells.
Your spell library was empty.

Inventory:

Hand Weapons
 i - a +0 morningstar
 Y - a +1 war axe (weapon)
Armour
 b - a +0 scale mail (worn)
 c - a +0 buckler (worn)
 h - a +0 pair of gloves of infusion (worn)
Jewellery
 a - an amulet of the acrobat (around neck)
Scrolls
 l - a scroll of identify
Potions
 d - a potion of might
 e - a potion of magic
 f - a potion of invisibility {unknown}
 g - a potion of mutation
 j - a potion of attraction
 k - a potion of cancellation
 m - a potion of brilliance {unknown}
 p - a potion of heal wounds {unknown}

Dungeon Overview and Level Annotations

Branches:
Dungeon (4/15)
 Temple: D:4-7

Altars:
Dithmenos
Makhleb

Annotations:
D:3 1 runed translucent door, qw's ghost, amateur NaHu


Message History

The kobold shouts!
Enter note:
Enter note:
Enter note:
Enter note:
Enter note:
Enter note: An ogre comes into view. It is wielding a +0 giant club.
The ogre shouts!
The centaur unwields a +0 shortbow.
The centaur barely misses you. x2
Enter note:
Enter note:
Enter note:
Enter note:
Enter note:
Enter note: You slash the centaur!
The centaur is severely wounded.
The centaur barely misses you.
The centaur kicks you but does no damage.
The centaur hits you but does no damage.
The centaur closely misses you.
You slash the centaur!
You kill the centaur!
You feel your strength returning.
Your Fighting skill increases to level 4!
You have reached level 6!
You barely miss the kobold. The kobold hits you but does no damage.
You completely miss the kobold. The kobold hits you but does no damage.
You hit the kobold.
You kill the kobold!
The ogre hits you with a +0 giant club!!
Ouch! That really hurt!
You barely miss the ogre. You slice the ogre!!
The ogre is severely wounded.
The ogre hits you with a +0 giant club!
You die...

....#....##...##..
.....#....#....... #
#.............. ..
##............ #..
###...##........ ...
##....###.....##. ###..
##....## #.....###
......#.....####......##
#...O@...##..........#
#.....##...###..........
#.... ##....>..##..####
.... #........##%..# #
... .....####.......###
.# .....#.#####....#...:
###.#.#.#..#...###.###
.....##.......## ### #
....# ####...## #


You could see an ogre.

Vanquished Creatures
  A centaur (D:4)
  A howler monkey (D:4)
  2 hounds (D:4)
  4 adders
  4 worms
  4 dart slugs
  4 ball pythons
  10 endoplasms
  5 giant cockroaches
  6 hobgoblins
  6 quokkas
  3 bats
  3 frilled lizards
  3 goblins
  5 kobolds
  8 rats
69 creatures vanquished.

Notes
Turn   | Place    | Note
-------+----------+-------------------------------------------
     0 | D:1      | qw the Gargoyle Fighter began the quest for the Orb.
     0 | D:1      | Reached XP level 1. HP: 14/14 MP: 1/1
     0 | D:1      | 0 ||| qw: Version: 0.3-a-9-g12657ce
     0 | D:1      | 0 ||| qw: Game counter: 1520
     0 | D:1      | 0 ||| qw: Always use a shield: true
     0 | D:1      | 0 ||| qw: God list: Okawaru
     0 | D:1      | 0 ||| qw: Allow faded altars: false
     0 | D:1      | 0 ||| qw: Do Orc after D:15 true
     0 | D:1      | 0 ||| qw: Do second Lair branch before Depths: true
     0 | D:1      | 0 ||| qw: Lair rune preference: random
     0 | D:1      | 0 ||| qw: Plans: Normal, Zot:1-4, Slime:5, God:TSO, Crypt,
                  | Tomb, Abyss, Pan, Hells, Win
     0 | D:1      | 0 ||| PLANNING D:1-11
    75 | D:1      | Reached skill level 2 in Axes
   262 | D:1      | Reached XP level 2. HP: 19/19 MP: 2/2
   364 | D:1      | 364 ||| Stepping ~*~*~tactically~*~*~ (stealth).
   674 | D:1      | 674 ||| UPGRADING to +0 pair of gloves of infusion.
   679 | D:1      | 679 ||| READING scroll labelled JUHY TOJ KOU.
   689 | D:2      | Reached skill level 3 in Axes
   689 | D:2      | Reached XP level 3. HP: 23/23 MP: 0/3
   809 | D:2      | 809 ||| Stepping ~*~*~tactically~*~*~ (stealth).
  1197 | D:2      | 1197 ||| DROPPING +0 whip.
  1237 | D:2      | Reached skill level 1 in Throwing
  1237 | D:2      | Reached XP level 4. HP: 28/28 MP: 4/4
  1261 | D:2      | 1261 ||| DROPPING +0 mace.
  1281 | D:2      | You fall into a shaft and drop 2 floors!
  1293 | D:4      | Reached skill level 4 in Axes
  1331 | D:4      | 1331 ||| Stepping ~*~*~tactically~*~*~ (hiding).
  1361 | D:4      | 1361 ||| UPGRADING to amulet of the acrobat.
  1366 | D:4      | 1366 ||| READING 3 scrolls labelled RUTEVEU WUWKU.
  1367 | D:4      | 1367 ||| READING scroll labelled WARCHA AMENUAQICK.
  1468 | D:4      | 1468 ||| DRINKING 2 fuming pink potions.
  1468 | D:4      | Gained mutation: You have hidden genetic potential. [potion
                  | of mutation]
  1468 | D:4      | Gained mutation: You are clumsy. (Dex -2) [potion of
                  | mutation]
  1469 | D:4      | 1469 ||| READING 2 scrolls of identify.
  1469 | D:4      | 1469 ||| IDENTIFYING pink potion
  1474 | D:4      | 1474 ||| Stepping ~*~*~tactically~*~*~ (hiding).
  1475 | D:4      | 1475 ||| Stepping ~*~*~tactically~*~*~ (hiding).
  1477 | D:4      | 1477 ||| Stepping ~*~*~tactically~*~*~ (hiding).
  1684 | D:3      | Noticed qw's ghost (amateur NaHu)
  1685 | D:3      | Found a runed translucent door.
  1728 | D:3      | Reached XP level 5. HP: 32/32 MP: 2/5
  1827 | D:3      | 1827 ||| READING scroll labelled DIPOTE GERUAL.
  1828 | D:3      | 1828 ||| DRINKING 2 fizzy silvery potions.
  1829 | D:3      | 1829 ||| DRINKING 2 sapphire potions.
  1830 | D:3      | 1830 ||| DROPPING potion of degeneration.
  2314 | D:3      | Found a burning altar of Makhleb.
  2319 | D:3      | Found a shadowy altar of Dithmenos.
  2803 | D:3      | 2803 ||| READING scroll labelled NIDEONIUGO.
  2804 | D:3      | 2804 ||| READING scroll labelled YTIUDE IWETEUJ.
  2826 | D:3      | 2826 ||| DRINKING 2 fuming silvery potions.
  2853 | D:4      | 2853 ||| STAIRDANCE
  2981 | D:4      | Reached skill level 5 in Axes
  3004 | D:4      | Lost mutation: You are clumsy. (Dex -2) [hidden potential]
  3066 | D:4      | Noticed a centaur
  3067 | D:4      | 3067 ||| Stepping ~*~*~tactically~*~*~ (hiding).
  3068 | D:4      | 3068 ||| Stepping ~*~*~tactically~*~*~ (hiding).
  3069 | D:4      | Noticed an ogre
  3071 | D:4      | Killed a centaur
  3072 | D:4      | Reached XP level 6. HP: 31/39 MP: 3/6
  3076 | D:4      | Slain by an ogre

Levels and vault maps discovered:
D:1:      zelgadis_glass_arrival_small, layout_loops_ring,
          corexii_leaking_fountain, chequers_avenue
D:2:      layout_loops_ring
D:3:      layout_basic, mainiacjoe_overflow_catwalk_spiral,
          hellmonk_ghost_happy_afterlife, grunt_ministairs_5,
          chequers_serial_rivers_small_b, minmay_quantized
D:4:      layout_cave_pools, minmay_temple_entry_tees

Skill      XL: |  1  2  3  4  5 |
---------------+----------------+-----
Axes           | 2 3 4 5 |  5.0
Throwing       | 1 |  1.0
Fighting       | 4 |  4.7
Armour         | |  3.2
Shields        | |  3.2

Action                     |  1- 3 |  4- 6 || total
---------------------------+-------+-------++-------
  Melee: War axe           |    74 |    90 ||   164
  Throw: Javelin           |    16 |    15 ||    31
    Use: Scroll            |     1 |     6 ||     7
         Potion            |       |     4 ||     4
 Armour: Scale mail        |    45 |    44 ||    89
  Dodge: Dodged            |    20 |    38 ||    58
  Block: Buckler           |    13 |    14 ||    27

Table legend:
 A = Non-vault XP
 B = Vault XP
 C = Vault XP percentage of total XP
 D = Non-vault monster count
 E = Vault monster count
 F = Vault count percentage of total count
                 A         B        C        D         E       F
            +---------+---------+-------+---------+---------+-------
      Total |     408 |      16 |   3.8 |      62 |       7 |  10.1
            +---------+---------+-------+---------+---------+-------
        D:1 |      24 |       0 |   0.0 |      14 |       0 |   0.0
        D:2 |      79 |       0 |   0.0 |      26 |       0 |   0.0
        D:3 |      42 |      16 |  27.6 |      14 |       7 |  33.3
        D:4 |     263 |       0 |   0.0 |       8 |       0 |   0.0
            +---------+---------+-------+---------+---------+-------
